 Dungeon Crawl Stone Soup version 0.17-a0-1360-g37db002 (webtiles) character file.

13 Charly the Skirmisher (level 2, -11/19 HPs)
             Began as a Gargoyle Berserker on June 11, 2015.
             Was a Follower of Trog.
             Mangled by a gnoll
             ... wielding a +0 halberd
              (16 damage)
             ... on level 3 of the Dungeon.
             The game lasted 00:03:59 (297 turns).

Charly the Skirmisher (Gargoyle Berserker)           Turns: 297, Time: 00:03:59

Health: -11/19     AC:  4    Str: 20    XL:     2   Next: 37%
Magic:  2/2        EV:  7    Int:  7    God:    Trog [*.....]
Gold:   54         SH:  0    Dex:  9    Spells: 0 memorised, 1 level left

rFire  . . .     SeeInvis .     a - +0 hand axe
rCold  . . .     Clarity  .     b - +0 animal skin
rNeg   + . .     SustAt   .     (no shield)
rPois  ∞         Gourm    .     (no helmet)
rElec  +         Spirit   .     (no cloak)
rCorr  .         Warding  .     (no gloves)
rMut   .         Stasis   .     (no boots)
MR     .....                    (no amulet)
Stlth  +.........               (no ring)
                                (no ring)

@: not resistant to hostile enchantments, very unstealthy
A: negative energy resistance 1, electricity resistance, unbreathing,
petrification resistance, rot immunity, AC +2
a: Burn Spellbooks, Berserk, Renounce Religion


You were on level 3 of the Dungeon.
You worshipped Trog.
Trog was aware of your devotion.
You were not hungry.

You visited 1 branch of the dungeon, and saw 3 of its levels.

You collected 54 gold pieces.

Inventory:

Hand weapons
 a - a +0 hand axe (weapon)
Armour
 b - a +0 animal skin (worn)
Scrolls
 g - a scroll of fog {unknown}
 h - a scroll of remove curse {unknown}
Potions
 d - a potion of curing {unknown}
 e - a potion of ambrosia {unknown}
 f - 2 potions of degeneration {unknown}
Comestibles
 c - a bread ration


   Skills:
 + Level 3.5 Fighting
 * Level 3.2 Axes
 - Level 2.1 Armour
 - Level 1.5 Dodging


You had one spell level left.
You didn't know any spells.

Dungeon Overview and Level Annotations

Branches:
Dungeon (3/15)

Altars:
Ashenzari

Annotations:
D:3 Terence


Innate Abilities, Weirdness & Mutations

You are resistant to torment.
Your stone body is resilient (AC +2).
You are immune to poison.
You resist negative energy.
You are resistant to electric shocks.
You can survive without breathing.
You are immune to petrification.
You are immune to rotting.


Message History

There is a stone staircase leading up here.
A worm and Terence come into view.
The kobold throws a stone.
The stone barely misses you.
There is a stone staircase leading up here.
You see here a stone.
You climb upwards.
There is a stone staircase leading down here.
A goblin comes into view. It is wielding a dagger.
Found a stone staircase leading up.
Found a stone staircase leading down.
There is a stone staircase leading down here.
You climb downwards.
Level annotation: Terence A goblin and 4 gnolls come into view.
The goblin shouts!
The gnoll shouts!
The gnoll shouts!
The gnoll shouts!
Found 15 sling bullets.
There is a stone staircase leading up here.
The gnoll hits you from afar with a halberd!
Ouch! That really hurt!
You die...

#####.......w.
.# #....K....
.# #...######
.# #
##.#####.##
.#.#.##g...#
#.#
#...#..g#.#
#.#
#......(..#
#.#
##.....g.g.#
#.....g@.#
...####.## ###


You could see 4 gnolls and a goblin.

Vanquished Creatures
  2 giant cockroaches
  A goblin (D:2)
  2 hobgoblins (D:2)
  2 kobolds (D:2)
  A quokka (D:2)
  A giant gecko (D:1)
  A giant newt (D:1)
  2 rats
12 creatures vanquished.

Notes
Turn   | Place    | Note
--------------------------------------------------------------
     0 | D:1      | Charly the Gargoyle Berserker began the quest for the Orb.
     0 | D:1      | Reached XP level 1. HP: 14/14 MP: 1/1
   105 | D:1      | Found a shattered altar of Ashenzari.
   232 | D:2      | Reached XP level 2. HP: 5/19 MP: 2/2
   285 | D:3      | Noticed Terence
   297 | D:3      | Mangled by a gnoll

Vault maps used:
D:1:      dpeg_arrival_arbitrary_a, nicolae_ashenzari_panopticon
D:3:      first_bread, ecumenical_altar_1, serial_co_window_serial,
          co_window_corner_a, co_window_paths_b, co_window_paths_a,
          co_window_of_opportunity_a, co_window_paths_a, co_window_broadway_c,
          co_window_2corner, co_window_unsneaky_path_e, co_window_broadway_b,
          co_window_4corner_a, co_window_4corner_b, glass_columns_c,
          glass_columns_b, minmay_item_behind_shaft, minmay_rats_cheesy_pizza,
          uniq_terence, uniq_natasha

Action                   || total
-------------------------++-------
Melee: Hand axe          ||    52
Invok: Berserk           ||     1
